 Dungeon Crawl Stone Soup version 0.30.1-9-gdf580d7c3d (webtiles) character file.

Game seed: 1576737500310541542

141 Ivernyr the Cudgeller (level 5, -2/54 HPs)
             Began as an Ogre Gladiator on Sept 28, 2023.
             Slain by an orc
             ... wielding a +0 trident
              (3 damage)
             ... on level 3 of the Dungeon.
             The game lasted 00:03:07 (2273 turns).

Ivernyr the Cudgeller (Ogre Gladiator)              Turns: 2273, Time: 00:03:08

Health: -2/54      AC:  3    Str: 20    XL:     5   Next: 24%
Magic:  5/5        EV: 10    Int:  9    God:
Gold:   200        SH:  0    Dex: 10    Spells: 4/4 levels left

rFire   . . .        a - +0 flail
rCold   + . .        (no shield)
rNeg    . . .        b - +0 robe
rPois   .            c - +0 hat
rElec   .            (no cloak)
rCorr   +            (gloves unavailable)
SInv    .            (boots unavailable)
Will    .....        i - amulet of the acrobat
Stlth   +            j - ring of resist corrosion
HPRegen 0.29/turn    p - ring of protection from cold
MPRegen 0.09/turn

%: acrobat
@: no status effects
A: large, unfitting armour, tough skin 1
a: no special abilities


You were on level 3 of the Dungeon.
You visited 1 branch of the dungeon, and saw 3 of its levels.

You collected 200 gold pieces.

Inventory:

Hand Weapons
 a - a +0 flail (weapon)
Missiles
 d - 3 throwing nets (quivered)
 e - a large rock
Armour
 b - a +0 robe (worn)
 c - a +0 hat (worn)
Jewellery
 i - an amulet of the acrobat (around neck)
 j - a ring of resist corrosion (left hand)
 p - a ring of protection from cold (right hand)
Scrolls
 g - a scroll of poison {unknown}
 h - 2 scrolls of identify {unknown}
 m - a scroll of fear {unknown}
 o - a scroll of torment {unknown}
Potions
 f - 2 potions of heal wounds {unknown}
 k - a potion of curing {unknown}
 l - 2 potions of berserk rage {unknown}
 n - a potion of resistance {unknown}


   Skills:
 + Level 4.1 Fighting
 * Level 4.1 Maces & Flails
 - Level 2.0 Throwing
 + Level 3.4 Dodging


You had 4 spell levels left.
You didn't know any spells.
Your spell library was empty.

Dungeon Overview and Level Annotations

Branches:
Dungeon (3/15)

Altars:
Makhleb


Innate Abilities, Weirdness & Mutations

You are too large for most types of armour.
You have tough skin. (AC +1)


Message History

You sock the orc!
You kill the orc!
The orc hits you from afar with a +0 trident.
You miss something. Something hits you.
The orc hits you from afar with a +0 trident.
You closely miss something. The orc barely misses you.
You hear some strange, mumbled words.
Something tries to affect you, but you resist.
You sock something!
Reactivating autopickup.
You feel a bit more experienced. The orc misses you.
You have reached level 5!
You closely miss the orc. The orc hits you with a +0 dagger.
The orc hits you from afar with a +0 trident.
The orc completely misses you. The orc barely misses you.
You barely miss the orc. The orc closely misses you.
The orc hits you but does no damage.
You barely miss the orc. The orc misses you. The orc hits you with a +0 dagger.
You hit the orc.
The orc is heavily wounded.
The orc misses you.
The orc hits you from afar with a +0 trident.
You closely miss the orc.
The orc is heavily wounded.
The orc hits you but does no damage.
The orc hits you from afar with a +0 trident.
You hit the orc.
You kill the orc!
The orc hits you from afar with a +0 trident.
* * * LOW HITPOINT WARNING * * *
The orc hits you from afar with a +0 trident.
* * * LOW HITPOINT WARNING * * *
The orc closely misses you.
Items here: ( ))) [ †.
The orc hits you with a +0 trident!
* * * LOW HITPOINT WARNING * * *
You hit the orc but do no damage.
A giant cockroach comes into view.
The orc hits you with a +0 trident.
You die...

#(# #.........#.##†#..# #.#
####........###..## #.#
#......####..##. ########.#
#......# #.##.. #........###
######.. #..##. #..........###
##..## #..PPPPPPP...# #.#..#
#..........#.##############.#..
##.P.PPP.P.#..@).....!..##.#.#.
# P.....P....o###..###.#######
P.._..P.###.# ..# P.....P.# #..
..#


P.PPP.P.# #.#. ?.. ......... ..###..## PPP B.. ..? ..[ ... You could see an orc
and a giant cockroach (wandering).

Vanquished Creatures
  An orc priest (D:3)
  An orc wizard (D:3)
  3 adders
  2 dart slugs (D:2)
  6 orcs (D:3)
  3 ball pythons
  2 bats
  An endoplasm (D:2)
  5 goblins
  7 hobgoblins
  3 jackals (D:3)
  2 quokkas
  3 frilled lizards
  3 kobolds
  8 rats
50 creatures vanquished.

Notes
Turn   | Place    | Note
-------+----------+-------------------------------------------
     0 | D:1      | Ivernyr the Ogre Gladiator began the quest for the Orb.
     0 | D:1      | Reached XP level 1. HP: 22/22 MP: 1/1
   456 | D:1      | Found a faded altar of an unknown god.
   784 | D:2      | Reached XP level 2. HP: 31/31 MP: 2/2
  1326 | D:2      | Reached XP level 3. HP: 37/37 MP: 3/3
  1812 | D:3      | Reached XP level 4. HP: 7/48 MP: 4/4
  2248 | D:3      | Found a burning altar of Makhleb.
  2265 | D:3      | Reached XP level 5. HP: 33/54 MP: 5/5
  2272 | D:3      | HP: 1/54 [orc/+0 trident (7)]
  2273 | D:3      | Slain by an orc

Illustrated notes

Levels and vault maps discovered:
D:1:      mainiacjoe_arrival_reflecting_pool, layout_loops_ring,
          shapermc_ecumenical_altar_mp_vishouse
D:2:      layout_basic, serial_co_window_serial, co_window_paths_b,
          co_window_paths_a, co_window_paths_b, co_window_cross_1,
          co_window_paths_b, co_window_of_opportunity_a, co_window_paths_a,
          co_window_corner_a, co_window_of_opportunity_a,
          co_window_unsneaky_path_a, co_window_unsneaky_path_b,
          co_window_cross_3, co_window_2corner, co_window_broadway_b,
          co_window_broadway_b, glass_columns_b, glass_columns_a,
          glass_columns_b, glass_columns_a, chequers_serial_rivers_room_b
D:3:      minmay_diamond_boxcup, layout_loops_cross,
          mainiacjoe_overflow_cross_hatched, lemuel_doored_altar,
          gammafunk_ghost_smash

Skill      XL: |  1  2  3  4 |
---------------+-------------+-----
Fighting       | 3 4 |  4.1
Maces & Flails | 3 4 |  4.1
Dodging        | 3 |  3.4
Throwing       | |  2.0

Action                     |  1- 3 |  4- 6 || total
---------------------------+-------+-------++-------
  Melee: Flail             |   104 |    47 ||   151
         Punch             |     1 |       ||     1
   Stab: Sleeping          |     1 |       ||     1
 Armour: Robe              |    24 |    10 ||    34
  Dodge: Dodged            |    81 |    30 ||   111
